 Dungeon Crawl Stone Soup version 0.17-a0-737-gf0a300a (webtiles) character file.

308 Ngotmuk the Covered (level 6, -3/56 HPs)
             Began as a Deep Dwarf Fighter on Apr 27, 2015.
             Slain by a scorpion (4 damage)
             ... on level 6 of the Dungeon.
             The game lasted 00:07:01 (2471 turns).

Ngotmuk the Covered (Deep Dwarf Fighter)            Turns: 2471, Time: 00:07:02

Health: -3/56      AC:  8    Str: 22    XL:     6   Next: 17%
Magic:  6/6        EV:  8    Int:  8    God:
Gold:   134        SH: 10    Dex: 12    Spells: 0 memorised, 5 levels left

rFire  . . .     SeeInvis .     a - +0 war axe
rCold  . . .     Clarity  .     m - +0 ring mail {MR+}
rNeg   . . .     SustAb   .     c - +0 shield
rPois  .         Gourm    .     (no helmet)
rElec  .         Spirit   .     t - +0 cloak
rCorr  .         Warding  .     (no gloves)
rMut   .         Stasis   .     r - +0 pair of boots
MR     +....                    (no amulet)
Stlth  +.........               (no ring)
                                (no ring)

@: non-regenerating, somewhat resistant to hostile enchantments, very unstealthy
A: damage resistance, recharge devices, sense surroundings 1, slow healing 3
a: Device Recharging


You were on level 6 of the Dungeon.
You were hungry.

You visited 1 branch of the dungeon, and saw 6 of its levels.

You collected 134 gold pieces.

Inventory:

Hand weapons
 a - a +0 war axe (weapon)
 n - a +1 vampiric short sword
Armour
 c - a +0 shield (worn)
 m - a +0 ring mail of magic resistance (worn)
 r - a +0 pair of boots (worn)
 t - a +0 cloak (worn)
Magical devices
 e - a wand of heal wounds (3)
Scrolls
 f - 2 scrolls of enchant weapon {unknown}
 h - 2 scrolls of fear {unknown}
 i - a scroll of enchant armour {unknown}
 l - 3 scrolls of teleportation {unknown}
 o - a scroll of noise {unknown}
 p - 3 scrolls of identify {unknown}
 q - 4 scrolls of fog {unknown}
 u - a scroll of remove curse {unknown}
 w - a scroll of magic mapping {unknown}
Potions
 b - a potion of heal wounds {unknown}
 d - a potion of might
 g - 2 potions of restore abilities {unknown}
 j - 2 potions of lignification {unknown}
 k - 2 potions of flight {unknown}
 s - 2 potions of poison {unknown}
Comestibles
 v - a bread ration


   Skills:
 + Level 3.5 Fighting
 + Level 3.8 Axes
 + Level 5.0 Armour
 + Level 4.9 Shields


You had 5 spell levels left.
You didn't know any spells.

Dungeon Overview and Level Annotations

Branches:
Dungeon (6/15)
 Temple: D:4-7

Altars:
Kikubaaqudgha
Okawaru
Yredelemnul

Annotations:
D:4 hulla's ghost, average DEEE
D:5 Pikel


Innate Abilities, Weirdness & Mutations

You are resistant to damage.
You can recharge devices by infusing magical energy.
You passively map a small area around you.
You do not heal naturally.


Message History

* * * LOW HITPOINT WARNING * * *
You block the scorpion's attack.
You hit the scorpion.
The scorpion is severely wounded.
You block the scorpion's attack.
You closely miss the scorpion.
The scorpion is severely wounded.
You block the scorpion's attack. The scorpion stings you!
* * * LOW HITPOINT WARNING * * *
You hit the scorpion but do no damage.
The scorpion is severely wounded.
You block the scorpion's attack.
You barely miss the scorpion.
The scorpion is severely wounded.
The scorpion barely misses you.
You hit the scorpion.
The scorpion is severely wounded.
The scorpion stings you but does no damage.
The scorpion stings you.
You die...

, , , , * * ,. , +
.. * , ,, .. * . *
, .. # * * * #..
#+#.#.##.. , , *
..(., #.#.#..... ,
, *
##....##.#....# ,,
........@#....##.#
,
.........s........
..................
, ##..###.#....##.
, , ... , .......#
,, , .. ,
.......?# , ,
.........#
..........+ ,,
.........*


You could see a scorpion.

Vanquished Creatures
  A giant frog zombie (D:5)
  A jelly (D:6)
  Crazy Yiuf (D:2)
  A worker ant (D:5)
  3 gnolls (D:3)
  9 adders
  4 worms (D:3)
  An orc (D:3)
  4 giant cockroaches
  8 hobgoblins
  3 jackals (D:2)
  3 quokkas
  6 bats
  3 giant geckos
  2 giant newts
  3 goblins
  7 kobolds
  16 rats
76 creatures vanquished.

Notes
Turn   | Place    | Note
--------------------------------------------------------------
     0 | D:1      | Ngotmuk, the Deep Dwarf Fighter, began the quest for the Orb.
     0 | D:1      | Reached XP level 1. HP: 20/20 MP: 1/1
   119 | D:1      | Reached XP level 2. HP: 21/27 MP: 2/2
   602 | D:2      | Found an ancient bone altar of Kikubaaqudgha.
   695 | D:2      | Reached XP level 3. HP: 24/33 MP: 3/3
   859 | D:2      | Found a basalt altar of Yredelemnul.
   922 | D:2      | Reached skill level 4 in Armour
  1246 | D:2      | Noticed Crazy Yiuf
  1252 | D:2      | Killed Crazy Yiuf
  1252 | D:2      | Reached XP level 4. HP: 13/42 MP: 4/4
  1486 | D:3      | Found an iron altar of Okawaru.
  1762 | D:3      | Reached XP level 5. HP: 30/49 MP: 5/5
  2293 | D:4      | Noticed hulla's ghost (average DEEE)
  2402 | D:5      | Entered Level 5 of the Dungeon
  2413 | D:5      | Reached skill level 5 in Armour
  2418 | D:5      | Reached XP level 6. HP: 28/56 MP: 6/6
  2425 | D:5      | Noticed a slave
  2426 | D:5      | Noticed a slave
  2426 | D:5      | Noticed Pikel
  2427 | D:5      | Noticed a slave
  2428 | D:5      | Noticed a slave
  2468 | D:6      | HP: 1/56 [scorpion (6)]
  2471 | D:6      | Slain by a scorpion

Action                   |  1- 3 |  4- 6 || total
-------------------------+-------+-------++-------
Melee: War axe           |    99 |   193 ||   292
       Short sword       |    39 |       ||    39
Evoke: Wand              |       |     2 ||     2
  Eat: Bread ration      |     1 |       ||     1
       Beef jerky        |     1 |     2 ||     3
       Fruit             |       |     1 ||     1
